 Dungeon Crawl Stone Soup version 0.28-a0-631-g0446da8ef9 (webtiles) character file.

Game seed: 3921927545746563194

766 KristoblXynda the Ruffian (level 7, 0/71 HPs)
             Began as a Troll Monk on Oct 10, 2021.
             Slain by a gargoyle (19 damage)
             ... on level 6 of the Dungeon.
             The game lasted 00:05:24 (3595 turns).

KristoblXynda the Ruffian (Troll Monk)              Turns: 3595, Time: 00:05:25

Health: 0/71       AC:  4    Str: 20    XL:     7   Next: 52%
Magic:  6/6        EV: 12    Int:  8    God:
Gold:   163        SH:  0    Dex: 18    Spells: 6/6 levels left

rFire   . . .      SeeInvis .     - Unarmed
rCold   . . .      Faith    .   (no shield)
rNeg    . . .      Spirit   .   p - +0 robe {Will+}
rPois   .          Reflect  .   (helmet restricted)
rElec   .          Harm     .   (no cloak)
rCorr   .          Rampage  .   (gloves unavailable)
Will    +....                   (boots unavailable)
Stlth   ++........              (no amulet)
HPRegen 1.21/turn               d - +6 ring of dexterity
MPRegen 0.10/turn               (no ring)

@: mighty
A: large, unfitting armour, claws 3, regeneration 1, shaggy fur 1, tough skin 1
a: no special abilities


You were on level 6 of the Dungeon.
You visited 1 branch of the dungeon, and saw 6 of its levels.

You collected 278 gold pieces.
You spent 115 gold pieces at shops.

Inventory:

Missiles
 h - a throwing net (quivered)
Armour
 p - a +0 robe of willpower (worn)
Jewellery
 d - a +6 ring of dexterity (left claw)
Wands
 a - a wand of mindburst (6)
Scrolls
 c - a scroll of summoning {unknown}
 f - a scroll of brand weapon {unknown}
 j - 2 scrolls of teleportation
 k - a scroll of magic mapping {unknown}
 m - 2 scrolls of blinking {unknown}
 q - a scroll of fear {unknown}
 r - a scroll of immolation {unknown}
 s - a scroll of amnesia {unknown}
Potions
 b - 2 potions of heal wounds
 i - 2 potions of curing
 l - a potion of lignification
 o - a potion of ambrosia


   Skills:
 + Level 4.6 Fighting
 + Level 1.1 Armour
 + Level 4.5 Dodging
 - Level 1.0 Stealth
 + Level 5.5 Unarmed Combat


You had 6 spell levels left.
You didn't know any spells.
Your spell library contained the following spells:

 Spells                   Type           Power      Damage    Failure   Level
 Ensorcelled Hibernation  Hex/Ice        0%         N/A       54%         2
 Spider Form              Tmut/Pois      0%         N/A       78%         3
 Fireball                 Conj/Fire      0%         3d3       100%        5
 Starburst                Conj/Fire      0%         6d3       100%        6
 Ignition                 Fire           0%         3d3       100%        8


Dungeon Overview and Level Annotations

Branches:
Dungeon (7/15)
 Temple: D:4-7

Altars:
Elyvilon
Qazlal
Vehumet
Yredelemnul
The Shining One

Shops:
D:1 [   D:2 *   D:4 =:[   D:6 ?

Annotations:
D:7 Maggie


Innate Abilities, Weirdness & Mutations

You are too large for most types of armour.
You have claws for hands.
Your natural rate of healing is unusually fast.
You are covered in fur. (AC +1)
You have tough skin. (AC +1)


Message History

There is an open door here.
There is an open door here.
There is a stone staircase leading up here.
Key pressed, stopping explore.
You see here 12 sling bullets.
An orc comes into view. It is wielding a +0 short sword.
An orc is nearby!
An orc is nearby!
An orc is nearby!
A gargoyle comes into view.
It is wielding a +2 morningstar of protection.
The orc shouts!
The orc barely misses you.
The gargoyle hurls a stone arrow at you.
The stone arrow hits you!!
You scratch the orc.
The orc is moderately wounded.
The orc hits you but does no damage.
You claw the orc!
You kill the orc!
The gargoyle misses you.
You scratch the gargoyle but do no damage.
The gargoyle closely misses you.
You scratch the gargoyle but do no damage.
The gargoyle misses you.
You scratch the gargoyle.
The gargoyle is lightly damaged.
The gargoyle hits you with a +2 morningstar of protection!!
You are too injured to fight recklessly!
Unknown command.
You feel very mighty all of a sudden.
The gargoyle hurls a stone arrow at you.
The stone arrow misses you.
You scratch the gargoyle.
The gargoyle is lightly damaged.
The gargoyle hits you with a +2 morningstar of protection!
* * * LOW HITPOINT WARNING * * *
You scratch the gargoyle but do no damage.
The gargoyle is lightly damaged.
The gargoyle hits you with a +2 morningstar of protection!!
You die...

......# ......# ...(..##
.......# #########
.......## ###.......####
........###............#
#.......##.......)......
####.....##.............
###....#.....@.......
##...#..#.....9.......
##....###..............
#......####............
##..[...## #............
#........# ##...........
.........## #..........#
..........# .......#####
..........#. ....##


You could see a gargoyle.

Vanquished Creatures
  Menkaure (D:6)
  An ogre (D:6)
  A centaur (D:6)
  A water moccasin skeleton (D:4)
  A howler monkey (D:4)
  A bullfrog zombie (D:4)
  A jelly (D:6)
  A centaur skeleton (D:6)
  2 hounds
  3 iguanas
  An orc wizard (D:4)
  A statue (D:6)
  5 adders
  A worm (D:3)
  3 dart slugs
  14 orcs
  4 bats
  7 endoplasms
  6 giant cockroaches
  6 goblins
  7 hobgoblins
  2 quokkas
  7 ball pythons
  5 frilled lizards
  13 kobolds
  6 rats
101 creatures vanquished.

Notes
Turn   | Place    | Note
-------+----------+-------------------------------------------
     0 | D:1      | KristoblXynda the Troll Monk began the quest for the Orb.
     0 | D:1      | Reached XP level 1. HP: 22/22 MP: 0/0
    82 | D:1      | Reached XP level 2. HP: 29/29 MP: 1/1
   134 | D:1      | Found a faded altar of an unknown god.
   411 | D:1      | Found Axkiss's Armour Boutique.
   429 | D:1      | Reached XP level 3. HP: 36/36 MP: 2/2
   825 | D:2      | Found Civied's General Store.
  1172 | D:2      | Reached XP level 4. HP: 45/45 MP: 3/3
  1439 | D:3      | Found a white marble altar of Elyvilon.
  1717 | D:3      | Reached skill level 4 in Unarmed Combat
  2117 | D:3      | Found a stormy altar of Qazlal.
  2193 | D:3      | Reached XP level 5. HP: 53/53 MP: 4/4
  2277 | D:4      | Found Nefiy's Book Shoppe.
  2363 | D:4      | Found Bugousk's Antique Armour Boutique.
  2377 | D:4      | Bought an embroidered robe for 59 gold pieces
  2447 | D:4      | Reached XP level 6. HP: 52/62 MP: 5/5
  2474 | D:4      | Found Dukolypt's Jewellery Boutique.
  2550 | D:4      | Identified the +1 robe "Iqa Qarchy" {-Cast Dex+4}
  2558 | D:4      | HP: 3/62 [disintegration (33)]
  2689 | D:4      | Found Cedeos's Jewellery Boutique.
  3050 | D:4      | You fall into a shaft and drop 3 floors!
  3050 | D:7      | Noticed an ice beast
  3055 | D:7      | Noticed Maggie
  3072 | D:6      | Reached skill level 5 in Unarmed Combat
  3090 | D:6      | Noticed Menkaure
  3102 | D:6      | Killed Menkaure
  3103 | D:6      | Reached XP level 7. HP: 57/71 MP: 6/6
  3270 | D:6      | Reached skill level 1 in Armour
  3334 | D:6      | Found Nikkixt's Magic Scroll Emporium.
  3343 | D:6      | Bought a scroll of identify for 28 gold pieces
  3343 | D:6      | Bought a scroll of identify for 28 gold pieces
  3393 | D:6      | Found a radiant altar of Vehumet.
  3518 | D:6      | Found a glowing golden altar of the Shining One.
  3530 | D:6      | Found a basalt altar of Yredelemnul.
  3532 | D:6      | Noticed a profane servitor
  3581 | D:6      | Noticed a gargoyle
  3595 | D:6      | Slain by a gargoyle

Illustrated notes

Levels and vault maps discovered:
D:1:      dpeg_arrival_houses_and_road, layout_rooms, serial_shops, shop,
          shapermc_ecumenical_altar_ellora
D:2:      layout_loops_corners, serial_shops, shop_statue, st_stairs_9,
          minmay_tromino_v7
D:3:      layout_loops_corners, nicolae_qazlal_scattered_showers,
          elyvilon_altar_5
D:4:      layout_gridville, serial_shops, kennysheep_mini_moat,
          kennysheep_little_box, nicolae_shop_crystal, shop, nicolae_shop_trees
D:6:      layout_cave_pods, grunt_temple_overflow_holy_war, vehumet_statue,
          serial_shops, shop_fountains, uniq_menkaure
D:7:      minmay_the_grid_square_5x5_3x3
          [minmay_the_grid_square_5x5_broken_cross,
          minmay_the_grid_square_5x5_two_walls_a,
          minmay_the_grid_square_5x5_slash,
          minmay_the_grid_square_5x5_doubleslash,
          minmay_the_grid_square_5x5_megaprize_checkered,
          minmay_the_grid_square_5x5_inner_i, minmay_the_grid_square_5x5_plus,
          minmay_the_grid_square_5x5_beaten_path,
          minmay_the_grid_square_5x5_bite], layout_cave_pools,
          chequers_serial_rivers_micro_e, uniq_joseph, uniq_maggie

Skill      XL: |  1  2  3  4  5  6  7 |
---------------+----------------------+-----
Fighting       | 3 4 |  4.6
Dodging        | 3 4 |  4.5
Unarmed Combat | 4 5 |  5.5
Armour         | 1 |  1.1
Stealth        | |  1.0

Action                   |  1- 3 |  4- 6 |  7- 9 || total
-------------------------+-------+-------+-------++-------
Melee: Unarmed           |   110 |   143 |    27 ||   280
       Punch             |       |     2 |       ||     2
  Use: Potion            |       |     3 |     1 ||     4
       Scroll            |       |       |     4 ||     4
 Stab: Sleeping          |     5 |     5 |     1 ||    11
Armor: Robe              |    39 |    25 |     5 ||    69
       Skin              |       |     5 |       ||     5
Dodge: Dodged            |    57 |    60 |    24 ||   141

Table legend: (Time is in decaauts)
 A = Elapsed time spent in this place.
 B = Non-inter-level travel time spent in this place.
 C = Inter-level travel time spent in this place.
 D = Time resting spent in this place.
 E = Time spent auto-exploring this place.
 F = Levels seen in this place.
 G = Mean time per level.
                   A        B        C        D        E       F      G
               +--------+--------+--------+--------+--------+-----+--------+
         Total |   3574 |   3471 |    103 |     86 |   2668 |   6 |  595.7 |
       Dungeon |   3574 |   3471 |    103 |     86 |   2668 |   6 |  595.7 |
               +--------+--------+--------+--------+--------+-----+--------+

Top non-repeatable levels by time:
     D:2: 892 daAuts
     D:3: 845 daAuts
     D:4: 793 daAuts
     D:6: 528 daAuts
     D:1: 501 daAuts
     D:7: 12 daAuts
